 Dungeon Crawl Stone Soup version 0.21-a0-2-ge494091 (webtiles) character file.

45615 Deathtrap2010 the Blocker (level 14, -12/106 HPs)
             Began as a Demonspawn Fighter on May 21, 2017.
             Was an Elder of Uskayaw.
             Mangled by a titanic slime creature (85 damage)
             ... on level 15 of the Dungeon on May 22, 2017.
             The game lasted 01:19:44 (14948 turns).

Deathtrap2010 the Blocker (Demonspawn Fighter)     Turns: 14948, Time: 01:19:45

Health: -12/106    AC: 28    Str: 19    XL:     14   Next: 1%
Magic:  21/21      EV:  6    Int: 16    God:    Uskayaw [****..]
Gold:   384        SH: 31    Dex: 13    Spells: 13/13 levels left

rFire    . . .     SeeInvis +   a - +8 long sword
rCold    + . .     Gourm    .   q - +18 shield of the Gong {rElec rN+ MR+ EV-5}
rNeg     + . .     Faith    .   C - +4 plate armour
rPois    .         Spirit   .   (helmet unavailable)
rElec    +         Reflect  .   k - +2 cloak
rCorr    .         Harm     .   n - +0 pair of gloves
MR       ++...     Clarity  +   (no boots)
Stlth    ..........             (no amulet)
Regen    0.3/turn               B - ring of Descent {rElec rC+ EV+3 Int+4}
MPRegen  0.2/turn               w - ring of see invisible

@: no status effects
A: horns 3, iridescent scales 3, clarity, clever 1, demonic guardian 2, spiny 2,
weak 1, MP-powered wands
a: Stomp, Line Pass, Renounce Religion


You were on level 15 of the Dungeon.
You worshipped Uskayaw.
Uskayaw was aware of your devotion.
You were not hungry.

You visited 1 branch of the dungeon, and saw 15 of its levels.

You collected 645 gold pieces.
You spent 261 gold pieces at shops.

Inventory:

Hand Weapons
 a - a +8 long sword (weapon)
Armour
 k - a +2 cloak (worn)
 n - a +0 pair of gloves (worn)
 q - the +18 shield of the Gong (worn) {rElec rN+ MR+ EV-5}
   (You found it on level 5 of the Dungeon)

   It affects your evasion (-5).
   It insulates you from electricity.
   It protects you from negative energy.
   It affects your resistance to hostile enchantments.
 C - a +4 plate armour (worn)
Jewellery
 w - a ring of see invisible (right hand)
 B - the ring of Descent (left hand) {rElec rC+ EV+3 Int+4}
   (You acquired it on level 9 of the Dungeon)

   [ring of evasion]

   It affects your evasion (+3).
   It affects your intelligence (+4).
   It protects you from cold.
   It insulates you from electricity.
Scrolls
 b - 3 scrolls of identify
 e - 10 scrolls of remove curse
 f - 8 scrolls of teleportation
 m - 2 scrolls of recharging
 p - a scroll of blinking
 s - 2 scrolls of fear
 t - a scroll of magic mapping
 u - 2 scrolls of amnesia
Potions
 c - a potion of magic
 h - a potion of brilliance
 l - 4 potions of curing
 v - a potion of agility
 z - a potion of resistance
Comestibles
 g - 11 royal jellies
 i - 18 fruits
 o - 10 bread rations


   Skills:
 * Level 8.7 Fighting
 * Level 12.2 Long Blades
 * Level 8.1 Armour
 * Level 7.0 Dodging
 * Level 12.5 Shields
 * Level 10.3 Invocations


You had 13 spell levels left.
You didn't know any spells.

Dungeon Overview and Level Annotations

Branches:
Dungeon (15/15)            Temple (0/1) D:7            Lair (0/6) D:8
    Orc (0/2) D:11         Vaults (0/5) D:13
 Depths: D:15

Altars:
Ashenzari
Cheibriados
Fedhas
Kikubaaqudgha
Makhleb
Nemelex Xobeh
Okawaru
Qazlal
Trog
Uskayaw
Yredelemnul
Zin
The Shining One

Shops:
D:4 [   D:6 [   D:8 (   D:10 }:!   D:12 =   D:13 [[

Portals:
Trove: D:12 (give 7 potions of agility)

Annotations:
D:15 exclusion: Roxanne, Roxanne


Innate Abilities, Weirdness & Mutations

You have a pair of large horns on your head.
You are completely covered in iridescent scales. (AC +6)
A demonic guardian rushes to your aid.
You are mostly covered in sharp spines.
You possess an exceptional clarity of mind.
Your mind is acute. (Int +2)
You are weak. (Str -2)
You expend magic power (3 MP) to strengthen your wands.


Message History

You block the titanic slime creature's attack.
BOUMMMMG!
You hear a shout!
You hit the titanic slime creature.
The titanic slime creature is moderately wounded.
You block the titanic slime creature's attack.
GONNNNG!
Uskayaw will force your foes to share their pain.
You slice the titanic slime creature!!
The titanic slime creature is moderately wounded.
The titanic slime creature is struck by your spines.
The titanic slime creature hits you!
You slash the titanic slime creature!
You headbutt the titanic slime creature!
The titanic slime creature is heavily wounded.
You hit the titanic slime creature but do no damage.
You headbutt the titanic slime creature.
The titanic slime creature is heavily wounded.
The titanic slime creature hits you!!!!
Ouch! That really hurt!
You die...

#.. #..# .# #...####.8.W
...P #..[...J.J..
..P..#.##..J# ...8........#
8.....####..# .P....
#..############### .8..8.#
#..J@3.......)...#
.......####.############.##
.......)......# #.#
......#.###...# #)# .....
#.# ##..# #.# P... #.# ..#
#.# ..8 #.# ..# #)# .. #.#
..# #.# # #.#
..##########.##


You could see a titanic slime creature and a friendly smoke demon.

Vanquished Creatures
  A tengu reaver (D:12)
  A frost giant (D:12)
  A juggernaut skeleton (D:15)
  Snorg (D:10)
  A fire dragon (D:11)
  An ogre mage (D:11)
  2 centaur warriors
  6 two-headed ogres
  4 tengu warriors (D:14)
  Urug (D:13)
  3 skeletal warriors
  An unseen horror (D:13)
  A deep elf archer (D:13)
  A phantasmal warrior (D:15)
  A necromancer (D:15)
  2 cyclopes
  5 ugly things
  7 deep elf magi
  A frost giant skeleton (D:15)
  Psyche (D:10)
  2 gargoyles
  A kobold demonologist (D:14)
  2 tengu conjurers (D:14)
  3 trolls
  Prince Ribbit (D:5)
  A slime creature (D:15)
  3 hippogriffs
  2 shadows
  A centaur simulacrum (D:13)
  5 redbacks (D:14)
  A vampire (D:9)
  A wyvern (D:11)
  2 water elementals (D:13)
  A hungry ghost (D:9)
  2 steam dragons
  A wraith (D:13)
  7 yaks
  A human (D:7)
  2 hogs (D:7)
  2 vampire mosquitoes (D:14)
  Menkaure (D:5)
  Edmund (D:6)
  6 orc warriors
  Duvessa (D:5)
  A hornet zombie (D:11)
  15 ice beasts
  3 sky beasts
  A black bear (D:8)
  An eye of draining (shapeshifter) (D:14)
  3 phantoms
  A necrophage (D:12)
  An eye of draining (D:9)
  A boggart (D:13)
  5 ogres
  9 centaurs
  3 big kobolds
  6 bullfrogs
  A water moccasin zombie (D:6)
  A wyvern zombie (D:5)
  A hornet simulacrum (D:13)
  3 scorpions
  4 killer bees
  A wight (D:11)
  6 howler monkeys
  2 electric eels
  8 crimson imps
  3 hounds
  3 bullfrog zombies
  7 orc priests
  Crazy Yiuf (D:3)
  6 jellies
  3 bullfrog skeletons
  3 centaur skeletons
  A gnoll shaman (D:6)
  17 orc wizards
  Jessica (D:2)
  2 iguanas
  9 worker ants
  A bullfrog simulacrum (D:13)
  A hound skeleton (D:5)
  A worker ant zombie (D:6)
  A howler monkey zombie (D:7)
  6 gnolls
  11 adders
  5 white imps (D:13)
  An ufetubus (D:13)
  2 oozes
  An adder skeleton (D:2)
  A worm (D:2)
  2 dart slugs
  An adder simulacrum (D:9)
  4 leopard geckos
  43 orcs
  A ball python (D:5)
  A bat skeleton (D:2)
  4 giant cockroaches
  2 gnoll zombies (D:9)
  13 goblins
  5 hobgoblins
  5 jackals (D:10)
  2 quokkas
  3 bats
  6 frilled lizards
  2 jackal skeletons
  14 kobolds
  A leopard gecko skeleton (D:7)
  2 leopard gecko zombies
  A quokka skeleton (D:2)
  A quokka zombie (D:8)
  9 rats
  2 fungi (D:3)
380 creatures vanquished.

Vanquished Creatures (collateral kills)
  Josephine (D:13)
  A centaur warrior (D:13)
  The ghost of
  31503 the Cleaver, a novice NaFi of Okawaru (D:8)
  4 two-headed ogres
  An orb spider (shapeshifter) (D:12)
  2 ugly things
  A manticore (D:12)
  A fire giant zombie (D:15)
  3 cyclopes
  A polar bear (D:13)
  2 hornets (D:13)
  4 hippogriffs
  A meliai zombie (D:14)
  3 redbacks (D:14)
  A centaur simulacrum (D:13)
  4 yaks
  3 wraiths (D:13)
  A hog (D:7)
  2 basilisks
  3 orc warriors
  An ice beast (D:12)
  A necrophage (D:6)
  A wolf (D:13)
  5 centaurs
  4 bullfrogs
  A jelly (D:12)
  Dowan (D:5)
  A crimson imp (D:9)
  A wyvern simulacrum (D:13)
  5 centaur skeletons
  An orc priest (D:12)
  An iguana (D:10)
  4 worker ants
  3 gnolls (D:6)
  An adder (D:9)
  2 shadow imps
  12 orcs
  A jackal zombie (D:6)
86 creatures vanquished.

Vanquished Creatures (others)
  A wolf (D:13)
  An orc (D:13)
2 creatures vanquished.

Grand Total: 468 creatures vanquished

Notes
Turn   | Place    | Note
-------+----------+-------------------------------------------
     0 | D:1      | Deathtrap2010 the Demonspawn Fighter began the quest for the Orb.
     0 | D:1      | Reached XP level 1. HP: 18/18 MP: 1/1
   444 | D:1      | Gained mutation: You are partially covered in iridescent scales. (AC +2) [demonic ancestry]
   444 | D:1      | Reached XP level 2. HP: 20/24 MP: 2/2
   979 | D:1      | Gained mutation: You have a pair of small horns on your head. [demonic ancestry]
   979 | D:1      | Reached XP level 3. HP: 29/29 MP: 3/3
  1335 | D:2      | Found a faded altar of an unknown god.
  1345 | D:2      | Noticed Jessica
  1363 | D:2      | Killed Jessica
  1363 | D:2      | Gained mutation: You are mostly covered in iridescent scales. (AC +4) [demonic ancestry]
  1363 | D:2      | Reached XP level 4. HP: 32/36 MP: 4/4
  1375 | D:2      | Became a worshipper of Uskayaw the Reveler
  1375 | D:2      | Reached * piety under Uskayaw
  1485 | D:2      | Reached skill level 1 in Dodging
  1728 | D:2      | Reached ** piety under Uskayaw
  1846 | D:2      | Found a glowing golden altar of the Shining One.
  2101 | D:3      | Gained mutation: A weak demonic guardian rushes to your aid. [demonic ancestry]
  2101 | D:3      | Reached XP level 5. HP: 41/42 MP: 5/5
  2285 | D:3      | Found a runed door.
  2289 | D:3      | Noticed Crazy Yiuf
  2301 | D:3      | Killed Crazy Yiuf
  2301 | D:3      | Reached skill level 1 in Invocations
  2559 | D:3      | Reached *** piety under Uskayaw
  2622 | D:3      | Reached XP level 6. HP: 20/48 MP: 7/7
  2785 | D:4      | Found Ezapyije's Armour Shop.
  2835 | D:4      | Gained mutation: Your mind is acute. (Int +2) [potion of mutation]
  2835 | D:4      | Gained mutation: You are covered in fur. (AC +1) [potion of mutation]
  2835 | D:4      | Gained mutation: You are somewhat resistant to further mutation. [potion of mutation]
  2846 | D:4      | You fall through a shaft!
  2846 | D:5      | Entered Level 5 of the Dungeon
  3188 | D:5      | Noticed Dowan
  3189 | D:5      | Noticed Duvessa
  3202 | D:5      | Killed Duvessa
  3211 | D:5      | Killed Dowan
  3211 | D:5      | Gained mutation: You have a pair of horns on your head. [demonic ancestry]
  3211 | D:5      | Reached XP level 7. HP: 37/54 MP: 1/8
  3340 | D:4      | Found a glowing silver altar of Zin.
  3346 | D:4      | Found an iron altar of Okawaru.
  3350 | D:4      | Found a burning altar of Makhleb.
  3544 | D:4      | You fall through a shaft!
  3826 | D:5      | Noticed Menkaure
  3837 | D:5      | Killed Menkaure
  3842 | D:5      | Noticed Prince Ribbit
  4214 | D:5      | Found a snail-covered altar of Cheibriados.
  4629 | D:5      | Killed Prince Ribbit
  4629 | D:5      | Reached skill level 5 in Long Blades
  4629 | D:5      | Reached skill level 5 in Shields
  4629 | D:5      | Gained mutation: A demonic guardian rushes to your aid. [demonic ancestry]
  4629 | D:5      | Reached XP level 8. HP: 61/61 MP: 10/10
  4652 | D:6      | Found Siopuxto's Antique Armour Shop.
  4936 | D:6      | Found an ancient bone altar of Kikubaaqudgha.
  5001 | D:6      | Noticed Edmund
  5015 | D:6      | Reached **** piety under Uskayaw
  5018 | D:6      | Killed Edmund
  5115 | D:6      | Reached skill level 5 in Fighting
  5567 | D:7      | Found a staircase to the Ecumenical Temple.
  5713 | D:7      | Gained mutation: You are partially covered in sharp spines. [demonic ancestry]
  5713 | D:7      | Reached XP level 9. HP: 68/68 MP: 12/12
  6187 | D:8      | Reached skill level 5 in Armour
  6187 | D:8      | Reached skill level 5 in Invocations
  6202 | D:8      | Reached ***** piety under Uskayaw
  6336 | D:8      | Found a sparkling altar of Nemelex Xobeh.
  6378 | D:8      | Found a staircase to the Lair.
  6709 | D:6      | Bought a jewelled scale mail for 261 gold pieces
  6709 | D:6      | Identified the cursed +0 scale mail of a Thousand Queens {Dex+6} (You bought it in a shop on level 6 of the Dungeon)
  7221 | D:8      | Noticed 31503's ghost (novice NaFi)
  7232 | D:8      | Killed 31503's ghost
  7232 | D:8      | Gained mutation: You have a pair of large horns on your head. [demonic ancestry]
  7232 | D:8      | Reached XP level 10. HP: 76/76 MP: 14/14
  7583 | D:8      | Found Poocyan's Weapon Boutique.
  8059 | D:9      | Noticed a two-headed ogre
  8059 | D:9      | Noticed a two-headed ogre
  8062 | D:9      | Noticed a two-headed ogre
  8066 | D:9      | Killed a two-headed ogre
  8068 | D:9      | Killed a two-headed ogre
  8072 | D:9      | Reached ****** piety under Uskayaw
  8077 | D:9      | Killed a two-headed ogre
  8239 | D:9      | Got a scorched ring mail
  8240 | D:9      | Identified the cursed +0 ring mail of Makhleb's Displeasure {rElec Dex+4} (You found it on level 9 of the Dungeon)
  8278 | D:9      | Noticed a deep elf mage
  8287 | D:9      | Found a bloodstained altar of Trog.
  8287 | D:9      | Found a blossoming altar of Fedhas.
  8314 | D:9      | Found a stormy altar of Qazlal.
  8372 | D:9      | Found a basalt altar of Yredelemnul.
  8838 | D:10     | Entered Level 10 of the Dungeon
  8838 | D:10     | Noticed Snorg
  8844 | D:10     | Killed Snorg
  8844 | D:10     | Gained mutation: You are mostly covered in sharp spines. [demonic ancestry]
  8844 | D:10     | Reached XP level 11. HP: 78/83 MP: 14/16
  8921 | D:10     | Noticed Psyche
  8931 | D:10     | Killed Psyche
  8968 | D:10     | Found Bashriat's Gadget Emporium.
  9011 | D:10     | Found Vehepu's Book Boutique.
  9188 | D:10     | Lost mutation: Your mind is acute. (Int +2) [potion of mutation]
  9188 | D:10     | Lost mutation: You are covered in fur. (AC +1) [potion of mutation]
  9188 | D:10     | Lost mutation: You are somewhat resistant to further mutation. [potion of mutation]
  9188 | D:10     | Gained mutation: You expend magic power (3 MP) to strengthen your wands. [potion of mutation]
  9188 | D:10     | Gained mutation: You possess an exceptional clarity of mind. [potion of mutation]
  9188 | D:10     | Gained mutation: You are weak. (Str -2) [potion of mutation]
  9188 | D:10     | Gained mutation: Your mind is acute. (Int +2) [potion of mutation]
  9234 | D:10     | Found Imuycoid's Distillery.
  9647 | D:11     | Reached skill level 5 in Dodging
  9651 | D:11     | Noticed a cyan ugly thing
  9656 | D:11     | Noticed a deep elf mage
  9660 | D:11     | Noticed an ogre mage
  9672 | D:11     | Killed a cyan ugly thing
  9673 | D:11     | Killed a deep elf mage
  9676 | D:11     | Killed an ogre mage
  9756 | D:11     | Noticed a two-headed ogre
  9764 | D:11     | Killed a two-headed ogre
  9912 | D:9      | Killed a deep elf mage
  9941 | D:9      | Identified a scroll of acquirement
  9942 | D:9      | Got an ancient pewter ring
  9943 | D:9      | Identified the ring of Descent {rElec rC+ EV+3 Int+4} (You acquired it on level 9 of the Dungeon)
 10141 | D:11     | Found a staircase to the Orcish Mines.
 10238 | D:11     | Noticed a fire dragon
 10258 | D:11     | Killed a fire dragon
 10995 | D:12     | Noticed a deep elf mage
 11002 | D:12     | Killed a deep elf mage
 11002 | D:12     | Reached skill level 10 in Shields
 11012 | D:12     | Noticed a brown ugly thing
 11019 | D:12     | Killed a brown ugly thing
 11060 | D:12     | Found Gywimn's Jewellery Boutique.
 11240 | D:12     | Found a portal to a secret trove of treasure.
 11253 | D:12     | Gained mutation: You are completely covered in iridescent scales. (AC +6) [demonic ancestry]
 11253 | D:12     | Reached XP level 12. HP: 80/91 MP: 16/18
 11525 | D:12     | Noticed a centaur warrior
 11536 | D:12     | Killed a centaur warrior
 11536 | D:12     | Reached skill level 10 in Long Blades
 11561 | D:12     | Found a runed door.
 11566 | D:12     | Noticed a tengu reaver
 11567 | D:12     | Noticed a tengu reaver
 11567 | D:12     | Noticed a frost giant
 11568 | D:12     | Noticed an ettin
 11569 | D:12     | Noticed a fire dragon
 11579 | D:12     | Noticed a two-headed ogre
 11595 | D:12     | Killed a two-headed ogre
 11665 | D:12     | Found a shattered altar of Ashenzari.
 12266 | D:13     | Noticed Urug
 12280 | D:13     | Killed Urug
 12308 | D:13     | Noticed a two-headed ogre
 12313 | D:13     | Killed a two-headed ogre
 12377 | D:13     | Noticed a centaur warrior
 12394 | D:13     | Killed a centaur warrior
 12397 | D:13     | Noticed a two-headed ogre
 12402 | D:13     | Killed a two-headed ogre
 12414 | D:13     | Found Ginloyth's Antique Armour Shop.
 12422 | D:13     | Noticed Josephine
 12431 | D:13     | Killed Josephine
 12561 | D:13     | Noticed a two-headed ogre
 12567 | D:13     | Noticed a centaur warrior
 12573 | D:13     | Killed a two-headed ogre
 12575 | D:13     | Reached XP level 13. HP: 78/98 MP: 19/19
 12695 | D:13     | Found a gate to the Vaults.
 13051 | D:13     | Found Ucwoasmaed's Armour Emporium.
 13100 | D:13     | Got a heavily runed iron ring
 13101 | D:13     | Identified the ring "Gugrir" {Int+2 Dex+2} (You acquired it on level 13 of the Dungeon)
 13435 | D:12     | Killed a frost giant
 13442 | D:12     | Killed a tengu reaver
 14042 | D:14     | Reached skill level 10 in Invocations
 14682 | D:15     | Entered Level 15 of the Dungeon
 14893 | D:15     | Reached XP level 14. HP: 77/106 MP: 21/21
 14909 | D:15     | Noticed Roxanne
 14948 | D:15     | Mangled by a titanic slime creature

Vault maps used:
D:1:      dpeg_arrival_rooms_c
D:2:      nicolae_tso_carved_into_rock, serial_undead, serial_undead_f,
          serial_undead_e, serial_undead_c, serial_undead_e,
          chequers_ecumenical_altar_simple, item_on_display_a, uniq_jessica
D:3:      minivault_24, uniq_crazy_yiuf_cottage
D:4:      grunt_temple_overflow_open, serial_shops, shop, first_bread
D:5:      lemuel_crystal_altar, uniq_menkaure, uniq_duvessa, uniq_prince_ribbit1
D:6:      kennysheep_mini, serial_curves, eino_curves_02, eino_curves_04,
          eino_curves_04, eino_curves_04, serial_shops, shop, uniq_edmund
D:7:      minmay_temple_entry_glassed_door, grunt_livestock
D:8:      lemuel_coloured_pillars_altar, lair_entry_dummy, serial_shops, shop,
          water_maze_lemuel
D:9:      lemuel_zombie_altar_yredelemnul, gammafunk_temple_overflow_arena,
          nrook_mini_backslash
D:10:     serial_shops, nicolae_shop_waterfront, shop,
          nicolae_shop_temple_entry_statues_fountains, serial_corexii_hall,
          corexii_hall_statues_u, corexii_hall_statues_l, uniq_psyche,
          uniq_snorg
D:11:     minmay_ornate_pinched
D:12:     basic_altar, enter_trove_2, serial_shops, shop, hangedman_decor_push,
          minmay_hidden_floor
D:13:     hangedman_vaults_entry_quadrant_bands, serial_ice, serial_ice_d,
          serial_ice_j, serial_ice_h, serial_ice_o, serial_ice_b, serial_ice_f,
          portal_ice_cave_entry_ice_beasts, serial_shops, shop, shop,
          uniq_josephine, uniq_urug
D:14:     minmay_misc_feat_rugged, spider_trap
D:15:     gammafunk_depths_entry_grave, corexii_hall_statues_t, uniq_roxanne,
          uniq_nessos

Skill      XL: |  1  2  3  4  5  6  7  8  9 10 11 12 13 |
---------------+----------------------------------------+-----
Armour         | 3 4 5 6 7 8 |  8.1
Shields        | 3 4 5 6 7 8 10 11 12 | 12.5
Long Blades    | 2 3 5 6 7 8 9 11 12 | 12.2
Dodging        | 1 2 3 4 5 6 7 |  7.0
Invocations    | 1 3 4 5 6 8 9 10 | 10.3
Fighting       | 4 5 6 7 8 |  8.7

Action                   |  1- 3 |  4- 6 |  7- 9 | 10-12 | 13-15 || total
-------------------------+-------+-------+-------+-------+-------++-------
Melee: Long sword        |    87 |   218 |   255 |   455 |   314 ||  1329
       Headbutt          |     5 |    45 |    54 |    96 |    60 ||   260
Invok: Stomp             |       |     3 |     3 |     9 |    10 ||    25
       Grand Finale      |       |       |       |       |     1 ||     1
  Use: Potion            |     3 |     3 |     2 |    12 |     5 ||    25
       Scroll            |     4 |     5 |    13 |    19 |    10 ||    51
 Stab: Invisible         |       |     2 |       |       |       ||     2
       Paralysed         |       |     2 |     7 |    32 |    19 ||    60
       Distracted        |       |       |     2 |     3 |       ||     5
  Eat: Bread ration      |     1 |       |       |       |       ||     1
       Meat ration       |       |     1 |     3 |     5 |     1 ||    10
Armor: Scale mail        |    29 |   148 |    49 |       |       ||   226
       Chain mail        |       |       |     1 |    46 |       ||    47
       Plate armour      |       |       |       |    72 |    90 ||   162
       Skin              |       |       |       |       |     3 ||     3
Dodge: Dodged            |    19 |    42 |    10 |    21 |    14 ||   106
Block: Large shield      |    77 |   213 |    17 |       |       ||   307
       Shield            |       |       |   281 |   660 |   344 ||  1285
       Rpst.: Long sword |     8 |    13 |     2 |     3 |     3 ||    29
